cer, chaotic male elven Ranger --- --------- --.--- ---- --- |.......| |..[.|--..-- --- --.-- |..----.--- |....--%...| --.---- ...| |...| |...| ---....<|..| ---(....-- --..| ---.| ---.--- --------.| ---........---...----- -- |.|---|...| |.| --..|...............|.---.-- --.--.--.-.--- |.| ----..---...--............|...| |............| |.|----- |.....-|...----...............| |........--..-- -- -- ---.#-...|--......|-..| |..............-- --.......--|...| |.--.--..%.....|........|---- --............-| ---...^....----.-- |.........*...--.--.....-- -.............----- |...^.......| --- --...............|.......---- |...--.|........##.-- --..^>.......-- |`...^.....------..----....| |...|--|............| |.............--- --.........-- ....| --...| ##*-----.-....----..----.---...'.......--- --....-....-# |...-- |...--##----|........| |...|...| |....@..).....--- |..........# --.. |....##---.--)-......----..--.--- --..............| |..........-# |.. |.............................| --....--.|.....| ----...-#...# --- |......----..-----.------------ ---.-------.--- ---- |..-# ###---.| ---- --- --- --- ##### --- cer the Trailblazer Experience level: 7 Strength: 16 Dexterity: 13 Constitution: 14 Intelligence: 14 Wisdom: 13 Charisma: 7 Health: 0(46) Energy: 41(41) Def: 8 Gold: 596 Moves: 4228 Dungeon seed: xzeu8hvuJQ6Fev38 Game ID: cer_1493288962 Your Inventory: Coins $ - 596 gold pieces Weapons a - a +1 elven dagger (alternate weapon; not wielded) b - a +1 elven bow (weapon in hand) c - 9 +2 elven arrows d - 7 +0 elven arrows (in quiver) s - 11 +0 elven arrows C - a +0 scimitar Armor e - an uncursed rotted +2 elven cloak (being worn) q - a blessed +0 dwarvish mithril-coat (being worn) Comestibles f - 3 uncursed lembas wafers m - an uncursed fortune cookie p - an uncursed cream pie v - 2 uncursed slime molds x - 3 uncursed food rations Scrolls l - an uncursed scroll of remove curse w - an uncursed scroll of blank paper B - an uncursed scroll of create monster J - an uncursed scroll of teleportation Spellbooks i - an uncursed spellbook of slow monster k - an uncursed spellbook of remove curse G - an uncursed spellbook of jumping Potions g - an uncursed potion of paralysis r - an uncursed potion of hallucination E - an uncursed potion of booze F - a blessed potion of healing Tools t - a blessed magic lamp A - 12 uncursed tallow candles (0:200) D - an uncursed mirror I - a +0 pick-axe K - a cursed tallow candle (0:200) Gems n - an uncursed worthless piece of blue glass Spells and supernatural/magical abilities: Name Level Category Fail Memory j - jumping 1 escape 100% 95% r - remove curse 3 clerical 100% 94% s - slow monster 2 enchantment 100% 94% W - pray for help -- divine ? -- Your skills at the end: Fighting Skills Weapon Skills dagger [Basic] bow [Basic] Spellcasting Skills Final Attributes: You were piously aligned. You were sleep resistant. You were telepathic. You had automatic searching. You had infravision. You were stealthy. You aggravated monsters. You were held by a rope golem. You are dead. Vanquished creatures: a giant beetle a gnome king a dwarf mummy a brown pudding a lizard a dingo a gnome mummy a snake an ape 2 fog clouds 5 gnome lords a red naga hatchling an elf zombie 3 ghouls a giant ant a little dog a floating eye 5 dwarves a kobold lord 8 hill orcs a rothe 3 giant bats a monkey an iguana an acid blob a coyote 3 hobbits a hobgoblin a giant rat a yellow mold 22 gnomes 2 geckos 2 jackals 2 kobolds a goblin 2 sewer rats 13 grid bugs a lichen 6 newts 103 creatures vanquished. Voluntary challenges: You had been an atheist until turn 2764. You used a wielded weapon 85 times, starting on turn 2. You read items or engraved 18 times, starting on turn 3013. You never genocided any monsters. You never polymorphed an object. You never changed form. You used no wishes. You never split a pudding. You never wrote Elbereth's name. You never violated your personal moral code. Dungeon overview: The Dungeons of Doom: levels 1 to 4 Level 1 a fountain a long staircase Level 2 a fountain, a sink Level 3 a sink Level 4 a fountain, some sinks stairs to The Gnomish Mines The Gnomish Mines: levels 5 to 8 Level 5 stairs to The Dungeons of Doom Level 6 Level 7 <- You were here Level 8 History has recorded: On T:1 you entered the Dungeons of Doom to retrieve the Amulet of Yendor! On T:397 you reached level 2 of The Dungeons of Doom. On T:707 you reached level 3 of The Dungeons of Doom. On T:977 you reached level 4 of The Dungeons of Doom. On T:1264 you advanced to experience level 2. On T:1447 you reached level 1 of The Gnomish Mines. On T:1460 you advanced to experience level 3. On T:1473 you advanced to experience level 4. On T:1698 you advanced to experience level 5. On T:2056 you reached level 2 of The Gnomish Mines. On T:2188 you advanced to experience level 6. On T:2453 you reached level 3 of The Gnomish Mines. On T:3504 you advanced to experience level 7. On T:3983 you reached level 4 of The Gnomish Mines. Score breakdown: Gold: 596 ( 9442 points) Experience: 7 levels (13645 points) Exploration: 8 levels ( 16.00%) (11338 points) Discoveries: 7 items ( 2.41%) ( 4660 points) Valuables value: (no points given unless you survive) Artifact value: 0 ( 0 points) Variety of kills: 39 monsters ( 10.24%) ( 9598 points) Turncount: 4228 turns (-1106 points) Survival: died (score multiplied by 80%) Total score: 38061 Latest messages: The rope golem grabs you! The rope golem misses. The rope golem hits! You are being choked. You cannot escape from the rope golem! The rope golem hits! (2x) You are being choked. The elven arrow hits the rope golem! The rope golem misses. (2x) You are being choked. You begin praying to Mars. You are surrounded by a shimmering light. The rope golem loosens its grip slightly. (2x) You feel that Mars is well-pleased. You feel in good health again. Your movements are now unencumbered. You cannot escape from the rope golem! The rope golem hits! (2x) You are being choked. You die... Final status: Goodbye cer the Ranger, killed by a rope golem... You died in The Gnomish Mines on dungeon level 7 with 38061 points, and 596 pieces of gold, after 4228 moves. You were level 7 with a maximum of 46 hit points when you died.